Map: Dusk Towers

Players

MythiC - Winner!

  • Race: Terran Terran
  • League: Grandmaster

llllllllllll

  • Race: Terran Terran
  • League: Master

VOD

Have the link to the VOD?

Description

Time

  • Played on: Dec. 19, 2015, 11:13 a.m.
  • Length: 15:37
Show
View Real Time Build Order
Export as new Build Order

MythiC Terran - Winner!

Build Orders: Reaper Expand, Bio Tank 

Get SALT Encoding   

  12  0:01  SCV  
  13  0:13  SCV  
  14  0:18  Supply Depot  
  14  0:25  SCV  
  15  0:39  SCV  
  15  0:41  Barracks  
  16  0:44  Refinery  
  16  0:51  SCV  
  17  1:03  SCV  
  18  1:15  SCV  
  19  1:28  Orbital Command  
  19  1:29  Reaper  
  20  1:44  Command Center  
  20  1:53  SCV  
  21  1:56  Refinery  
  21  1:59  Supply Depot  
  21  2:09  SCV  
  21  2:10  Factory  
  21  2:13  Marine  
  23  2:21  SCV  
  24  2:33  SCV  
  24  2:34  Barracks Reactor  
  25  2:46  SCV  
  26  2:57  Orbital Command  
  26  3:01  Starport  
  26  3:02  SCV  
  26  3:04  Factory Tech Lab  
  27  3:11  Marine x2  
  29  3:14  SCV  
  30  3:22  SCV  
  30  3:24  Cyclone  
  30  3:26  SCV  
  35  3:27  Supply Depot  
  35  3:30  Marine x2  
  37  3:34  SCV  
  37  3:38  SCV  
  37  3:40  Medivac  
  41  3:46  SCV  
  42  3:50  SCV  
  43  3:56  Marine x2  
  43  3:58  SCV  
  47  4:02  SCV  
  47  4:04  Engineering Bay  
  47  4:06  Siege Tank  
  50  4:10  SCV  
  50  4:14  Barracks, Marine x2  
  50  4:16  Barracks  
  53  4:21  Viking  
  54  4:26  Supply Depot  
  54  4:30  Supply Depot  
  54  4:32  Missile Turret  
  54  4:37  SCV x2, Marine x2  
  58  4:49  SCV x2  
  60  4:53  Refinery  
  60  4:55  Marine x2  
  60  4:57  Starport Reactor  
  62  5:02  SCV x2  
  62  5:12  Barracks Tech Lab x2  
  62  5:14  SCV x2  
  57  5:20  Marine x2  
  57  5:21  Siege Tank  
  62  5:26  SCV x2  
  64  5:29  Supply Depot  
  64  5:34  Stimpack  
  64  5:35  Command Center  
  64  5:39  Marine x2  
  64  5:41  Medivac x2  
  70  5:43  Marine  
  70  5:46  SCV x2  
  73  5:54  Refinery  
  73  5:55  Marine  
  73  5:56  Supply Depot  
  73  5:57  Marine  
  74  5:58  SCV  
  74  6:02  SCV, Marine x2  
  79  6:05  Siege Tank  
  79  6:10  SCV  
  83  6:13  Marine  
  83  6:14  SCV, Marine, Terran Infantry Weapons Level 1  
  86  6:20  Marine  
  86  6:25  SCV  
  88  6:26  Barracks x2  
  88  6:27  SCV  
  88  6:29  Supply Depot, Starport Reactor  
  89  6:32  Marine x2  
  89  6:33  Marine  
  89  6:34  Combat Shields  
  89  6:37  SCV  
  89  6:39  SCV  
  94  6:47  Marine  
  94  6:49  SCV  
  94  6:50  Marine x2  
  94  6:51  Marine  
  94  6:52  Siege Tank  
  86  7:04  Marine  
  86  7:07  Orbital Command  
  86  7:08  Marine  
  85  7:10  Medivac x2, Marine x2  
  85  7:14  Marine x2  
  95  7:16  Barracks Reactor  
  95  7:22  Marine  
  94  7:23  SCV x2  
  94  7:25  Siege Tank  
  94  7:26  Marine  
  94  7:28  Supply Depot, Marine x2  
  94  7:29  Supply Depot  
  103  7:32  Marine x2  
  103  7:35  Refinery  
  105  7:40  Marine  
  105  7:43  Supply Depot x2, Orbital Command  
  105  7:44  Marine  
  106  7:46  Marine x2  
  106  7:47  Medivac  
  106  7:49  Medivac  
  106  7:50  Marine  
  114  7:52  SCV  
  114  7:53  SCV  
  114  7:57  Marine x2  
  118  8:05  Factory  
  118  8:08  Terran Infantry Armor Level 1, Marine x2  
  118  8:10  Marine  
  121  8:14  SCV x2  
  121  8:15  Marine  
  121  8:16  Marine  
  124  8:20  SCV  
  124  8:24  Marine x3  
  124  8:26  SCV  
  128  8:28  Marine x2  
  128  8:33  Marine  
  129  8:37  Marine  
  129  8:38  Marine  
  129  8:39  Siege Tank  
  129  8:40  Medivac x2  
  132  8:42  Marine x2  
  134  8:52  Marine x4  
  138  9:00  Marine x4  
  136  9:03  Factory Tech Lab  
  136  9:06  Refinery  
  136  9:09  Marine x2  
  136  9:10  Medivac, Marine x2  
  136  9:11  Barracks, Command Center  
  136  9:16  Supply Depot  
  142  9:18  Marine x4  
  146  9:27  Siege Tank  
  149  9:33  Supply Depot  
  149  9:34  Supply Depot  
  149  9:37  Siege Tank, Marine x8  
  140  9:48  Engineering Bay, Armory  
  140  9:52  Medivac x2  
  144  9:55  Marine x8  
  153  10:01  Barracks Reactor  
  152  10:09  Siege Tank x2  
  152  10:13  Marine x6  
  164  10:14  Marine  
  164  10:15  Marine  
  166  10:22  Medivac x2  
  168  10:30  Marine x2  
  170  10:37  Marine x2  
  170  10:38  Marine  
  170  10:39  Marine  
  170  10:41  Siege Tank  
  177  10:46  Marine x2  
  177  10:49  Marine  
  157  10:50  Barracks x3, Marine  
  157  10:52  Marine  
  151  11:02  Planetary Fortress  
  151  11:06  Terran Infantry Weapons Level 2, Missile Turret  
  151  11:08  Missile Turret, Terran Infantry Armor Level 2  
  151  11:10  Marine  
  152  11:17  Marine x3  
  155  11:25  Sensor Tower  
  152  11:26  Marine x2  
  152  11:30  Marine x4  
  152  11:31  Siege Tank x2, Marine  
  152  11:32  Medivac x2  
  166  11:34  Marine  
  167  11:44  Sensor Tower, Missile Turret  
  167  11:46  Missile Turret, Barracks Reactor x2  
  167  11:48  Refinery  
  167  11:51  Marine x2  
  167  11:52  Marine x2  
  148  11:58  Marine x4  
  148  12:01  Marine x2  
  151  12:04  Marine  
  137  12:09  Siege Tank x2, Medivac x2, Marine x2  
  137  12:10  Marine x2  
  135  12:16  Marine x4  
  135  12:18  Marine  
  140  12:36  Marine x2  
  142  12:38  Marine x2  
  142  12:39  Medivac  
  142  12:40  Marine x2  
  142  12:41  Siege Tank  
  142  12:42  Marine  
  151  12:45  Marine x2  
  151  12:46  Marine  
  151  12:47  Marine  
  151  12:48  Marine x3  
  151  12:49  Marine  
  137  12:54  Marine x2  
  137  12:55  Siege Tank  
  137  12:56  Marine x2  
  137  12:58  Marine  
  141  12:59  Marine  
  141  13:00  Medivac, Marine  
  141  13:03  Marine x2  
  146  13:09  Marine x5  
  144  13:13  Siege Tank  
  144  13:15  Marine x2  
  144  13:18  Liberator x2  
  138  13:20  Marine x4  
  138  13:21  Marine  
  138  13:25  Marine x2  
  143  13:27  Siege Tank  
  143  13:28  Marine x2  
  143  13:30  Marine  
  143  13:31  Marine  
  146  13:34  Marine x3  
  146  13:39  Marine x3  
  146  13:40  Marine  
  157  13:45  Siege Tank  
  160  13:53  Command Center  
  156  13:55  Marine  
  156  13:56  Marine x3  
  156  14:03  Marine x3  
  156  14:05  Marine x4  
  156  14:09  Command Center  
  158  14:11  Marine  
  158  14:12  Marine  
  153  14:19  Marine x2  
  153  14:20  Marine x2  
  153  14:24  Marine x4  
  154  14:25  Marine x3  
  154  14:26  Siege Tank  
  154  14:28  Siege Tank  
  166  14:36  Marine x4  
  166  14:37  Medivac  
  172  14:38  Marine  
  173  14:52  Marine x2  
  165  14:55  Marine x2  
  165  14:59  Marine x2  
  155  15:02  Marine x2  
  157  15:08  Marine x3  
Show
View Real Time Build Order
Export as new Build Order

llllllllllll Terran 

Build Orders: Reaper Expand, Bio Tank 

Get SALT Encoding   

  12  0:01  SCV  
  13  0:13  SCV  
  14  0:17  Supply Depot  
  14  0:25  SCV  
  15  0:39  SCV  
  15  0:42  Refinery  
  16  0:44  Barracks  
  16  0:51  SCV  
  17  1:03  SCV  
  18  1:16  SCV  
  19  1:31  Orbital Command, Reaper  
  20  1:40  Command Center  
  20  1:49  Supply Depot  
  20  1:57  SCV  
  21  2:03  Barracks Reactor  
  21  2:06  Refinery  
  21  2:09  SCV  
  22  2:19  Factory  
  22  2:23  SCV  
  23  2:35  SCV  
  24  2:40  Marine x2  
  26  2:47  SCV  
  27  2:57  Orbital Command  
  27  2:59  Marine x2  
  27  3:01  SCV  
  27  3:05  Starport  
  30  3:08  Factory Tech Lab  
  30  3:13  SCV  
  30  3:16  Marine x2  
  33  3:22  SCV  
  33  3:25  SCV  
  35  3:27  Siege Tank  
  35  3:30  Supply Depot  
  35  3:33  Engineering Bay  
  38  3:34  SCV  
  38  3:36  Marine x2  
  38  3:37  SCV  
  42  3:46  SCV  
  43  3:49  SCV  
  43  3:50  Medivac  
  46  3:56  Marine x2  
  46  4:02  SCV  
  48  4:03  SCV  
  48  4:04  Siege Tank  
  52  4:10  Supply Depot  
  52  4:21  SCV  
  53  4:28  SCV  
  53  4:29  Refinery, Command Center  
  54  4:31  Viking  
  54  4:33  Supply Depot  
  54  4:34  Marine  
  54  4:36  Siege Tank  
  60  4:49  SCV  
  60  4:52  SCV  
  62  4:55  Marine x2  
  62  4:58  Terran Infantry Weapons Level 1  
  62  4:59  Barracks  
  64  5:01  SCV, Barracks  
  64  5:05  SCV  
  65  5:13  SCV  
  66  5:15  Marine x2  
  66  5:17  SCV  
  66  5:20  Supply Depot x2  
  69  5:23  Missile Turret  
  69  5:24  Refinery  
  69  5:27  Missile Turret  
  69  5:33  SCV  
  70  5:41  SCV  
  70  5:42  Supply Depot, Orbital Command  
  71  5:44  Marine x2  
  71  5:45  Siege Tank  
  71  5:47  Barracks Tech Lab  
  71  5:48  Barracks Reactor  
  76  5:51  Starport Reactor  
  76  5:53  SCV  
  76  5:55  SCV  
  78  6:05  SCV, Marine x2  
  78  6:06  Orbital Command, Marine  
  78  6:07  SCV, Stimpack  
  83  6:13  Barracks  
  83  6:17  Siege Tank  
  86  6:22  SCV, Barracks  
  86  6:23  Supply Depot, Marine  
  86  6:24  SCV  
  89  6:32  Marine  
  89  6:33  Marine  
  89  6:35  Medivac x2  
  89  6:36  Marine x2  
  97  6:41  SCV, Armory  
  97  6:44  Barracks  
  97  6:53  SCV, Marine  
  86  6:55  SCV  
  86  7:01  SCV, Marine x2  
  84  7:05  SCV  
  87  7:09  SCV  
  87  7:10  Marine x2  
  87  7:11  Barracks Reactor  
  87  7:12  Barracks Reactor  
  87  7:13  Siege Tank, SCV, Medivac x2  
  87  7:14  Terran Infantry Armor Level 1  
  98  7:17  Refinery  
  98  7:18  Engineering Bay, SCV  
  98  7:20  Refinery  
  98  7:21  Marine x2  
  98  7:22  Marine  
  102  7:26  SCV  
  102  7:28  SCV  
  102  7:29  Marine x2  
  105  7:35  Supply Depot  
  105  7:36  Supply Depot, SCV  
  107  7:38  SCV  
  107  7:43  Marine  
  107  7:44  Marine  
  109  7:45  Siege Tank  
  109  7:51  SCV, Marine x2  
  116  7:59  Missile Turret  
  116  8:04  Missile Turret  
  116  8:05  Sensor Tower, Terran Infantry Weapons Level 2  
  116  8:06  Missile Turret  
  116  8:07  Combat Shields  
  116  8:09  Supply Depot, Marine x3  
  119  8:14  Marine x4  
  119  8:15  SCV  
  123  8:22  Marine x2  
  124  8:37  Marine x2  
  124  8:39  Marine x2  
  124  8:41  Siege Tank, Marine  
  110  9:01  Marine  
  110  9:02  Marine x2  
  112  9:06  Marine  
  112  9:07  Marine x3  
  112  9:09  Barracks Reactor  
  116  9:10  Marine  
  116  9:11  SCV  
  116  9:13  Siege Tank  
  116  9:16  Barracks  
  116  9:17  Barracks  
  121  9:23  Marine x3  
  124  9:26  SCV  
  125  9:36  SCV  
  126  9:43  SCV  
  126  9:45  Marine x2  
  126  9:48  Siege Tank, Medivac x2, Command Center  
  126  9:49  Terran Infantry Armor Level 2, Marine x2  
  126  9:51  Terran Vehicle Weapons Level 1  
  126  9:52  Marine x4  
  140  9:57  Supply Depot  
  140  9:58  Supply Depot x2  
  141  10:05  Barracks Reactor x2  
  141  10:06  Factory  
  141  10:07  Barracks x2  
  141  10:09  Barracks  
  141  10:18  Marine x5  
  141  10:19  Command Center  
  141  10:20  Marine  
  147  10:25  Marine  
  147  10:27  Marine  
  147  10:28  Siege Tank, Marine  
  151  10:30  SCV, Marine  
  151  10:49  Marine x4  
  119  10:50  Marine  
  119  10:52  Marine  
  119  10:53  Marine x2  
  104  10:59  Marine x2  
  104  11:01  Siege Tank, Marine  
  104  11:02  Marine x2  
  104  11:03  Factory Tech Lab, Marine x4  
  116  11:04  Marine  
  116  11:05  Medivac  
  116  11:06  Medivac  
  116  11:07  Marine x3  
  116  11:09  Marine x2  
  126  11:13  Marine  
  126  11:14  Marine  
  126  11:16  Marine x2  
  130  11:18  SCV  
  130  11:19  SCV x2  
  130  11:23  Marine  
  130  11:24  Marine  
  135  11:28  Marine x2  
  135  11:29  Siege Tank, Marine x2  
  135  11:31  SCV x2, Marine x2  
  146  11:33  Siege Tank  
  146  11:34  Marine x3  
  146  11:35  Marine x4  
  146  11:37  Marine  
  157  11:43  Marine  
  152  11:54  Marine  
  142  11:57  Marine  
  142  12:00  Marine x2  
  145  12:04  Marine  
  145  12:06  Marine  
  145  12:07  Terran Infantry Weapons Level 3  
  145  12:08  Terran Infantry Armor Level 3  
  136  12:14  Marine  
  136  12:15  Marine  
  131  12:23  Marine  
  131  12:24  Marine  
  133  12:31  Siege Tank x2  
  133  12:32  Marine x11  
  133  12:37  Planetary Fortress  
  145  12:47  Marine  
  145  12:50  Marine x2  
  130  12:58  SCV  
  130  13:00  Marine x2  
  130  13:01  Marine x7  
  130  13:03  Siege Tank  
  130  13:04  Marine  
  143  13:09  Marine  
  143  13:11  Marine x2  
  143  13:12  Marine  
  128  13:20  Marine  
  128  13:23  Marine x2  
  128  13:25  Marine x2  
  127  13:28  Marine  
  127  13:32  Marine  
  127  13:33  Marine  
  121  13:36  Marine  
  121  13:37  Marine x4  
  121  13:38  Marine  
  121  13:39  Marine  
  128  13:41  Marine  
  128  13:43  Marine x2  
  128  13:44  Marine x5  
  136  13:55  Siege Tank x2  
  139  13:56  Marine  
  139  14:02  Marine  
  136  14:04  Marine  
  136  14:05  Marine x2  
  136  14:07  Marine x2  
  136  14:09  SCV  
  127  14:16  Marine  
  123  14:17  SCV  
  123  14:21  Marine  
  117  14:24  Marine  
  117  14:25  Marine  
  117  14:27  Siege Tank  
  122  14:37  Marine  
  123  14:41  Marine x2  
  125  14:52  Marine  
  121  14:53  Marine  
  121  14:54  Marine x3  
  121  14:55  Marine x2  
  121  14:57  Marine  
  121  14:59  Marine  
  111  15:02  Marine x2  
  111  15:03  SCV  
  109  15:07  Marine x3  
  108  15:19  Marine  
Tags
 
Add a new tag
Caveats
  • Supply blocks, unpowered buildings, or Contaminate may cause inaccurate times.
  • Supply counts are checked every 10 seconds.